 Dungeon Crawl Stone Soup version 0.24.0-13-gcf9b319 (webtiles) character file.

Game seed: 11777670671082030395, levelgen mode: deterministic

109 TyRobot the Ruffian (level 4, -4/45 HPs)
             Began as a Troll Berserker on Jan 30, 2020.
             Was an Initiate of Ru.
             Slain by a black bear (8 damage)
             ... created by the rage of Trog
             ... on level 3 of the Dungeon.
             The game lasted 00:24:16 (1160 turns).

TyRobot the Ruffian (Troll Berserker)               Turns: 1160, Time: 00:24:17

Health: -4/45      AC:  6    Str: 26    XL:     4   Next: 59%
Magic:  3/3        EV: 10    Int:  3    God:    Ru [......]
Gold:   63         SH:  0    Dex:  9    Spells: 3/3 levels left

rFire    . . .     SeeInvis .     - Unarmed
rCold    . . .     Gourm    +   (no shield)
rNeg     . . .     Faith    .   a - +0 animal skin
rPois    .         Spirit   .   (helmet restricted)
rElec    .         Reflect  .   (no cloak)
rCorr    .         Harm     .   (gloves unavailable)
MR       .....                  (boots unavailable)
Stlth    +.........             (no amulet)
HPRegen  0.55/turn              (no ring)
MPRegen  0.08/turn              (no ring)

@: no status effects
A: large, unfitting armour, claws 3, fast metabolism 3, gourmand, regeneration
1, shaggy fur 1, tough skin 3
a: Renounce Religion


You were on level 3 of the Dungeon.
You worshipped Ru.
Ru was noncommittal.
You were not hungry.

You visited 1 branch of the dungeon, and saw 3 of its levels.

You collected 63 gold pieces.

Inventory:

Hand Weapons
 g - a +0 club
 r - a +0 mace
 x - a +2 dagger of venom
Missiles
 e - 19 arrows
 i - 26 stones (quivered)
 t - 7 curare-tipped darts
Armour
 a - a +0 animal skin (worn)
 f - a +0 chain mail
 q - a +2 buckler
 s - a +0 chain mail
 w - a +3 leather armour
Jewellery
 p - an uncursed amulet of harm
Scrolls
 d - a scroll of noise {unknown}
 h - a scroll of fog {unknown}
 j - a scroll of immolation {unknown}
 l - 3 scrolls of identify
 o - 3 scrolls of remove curse {unknown}
 v - a scroll of teleportation {unknown}
Potions
 c - a potion of flight {unknown}
 k - a potion of mutation {unknown}
 m - 2 potions of degeneration {unknown}
Comestibles
 b - 2 rations
 u - a chunk of flesh


   Skills:
 + Level 3.0 Fighting
 + Level 3.3 Dodging
 + Level 4.1 Unarmed Combat


You had 3 spell levels left.
You didn't know any spells.
Your spell library was empty.

Dungeon Overview and Level Annotations

Branches:
Dungeon (3/15)

Altars:
Gozag
Ru
Uskayaw
Xom

Shops:
D:2 *


Innate Abilities, Weirdness & Mutations

You are too large for most types of armour.
You have claws for hands.
Your metabolism is lightning-fast.
You like to eat raw meat.
Your natural rate of healing is unusually fast.
You are covered in fur. (AC +1)
You have extremely tough skin. (AC +3)


Message History

The black bear misses you. The polar bear closely misses you.
The polar bear claws you but does no damage. x2
There isn't anything here!
It was a potion of magic.
Magic courses through your body.
The black bear bites you but does no damage.
The black bear barely misses you.
The black bear claws you but does no damage.
The black bear bites you. The black bear claws you.
* * * LOW HITPOINT WARNING * * *
The black bear claws you but does no damage.
The black bear bites you but does no damage.
The black bear barely misses you.
The black bear claws you but does no damage.
The polar bear misses you. The polar bear claws you.
* * * LOW HITPOINT WARNING * * *
The polar bear claws you.
* * * LOW HITPOINT WARNING * * *
A jackal comes into view.
The black bear bites you!
You die...

..# #h# ##### #.####
#####.).. #.##.##
#.....###
#####.##..###...###
......##........#
#hh<##.###.....#
#@#....##.....##
###hh.#####.....#
#....## #.....# #...##
#..#..# #...# #..#(.#
#...# #..##.#
#...########..#
#...##......#.##
.#####...##.####.#..###


You could see a polar bear (berserk), 3 black bears and a jackal.

Vanquished Creatures
  An orc wizard (D:3)
  Terence (D:2)
  An adder (D:2)
  A dart slug (D:1)
  A ball python (D:3)
  2 giant cockroaches (D:1)
  5 goblins
  3 hobgoblins (D:1)
  12 jackals
  A quokka (D:3)
  4 bats
  7 kobolds
  A rat (D:3)
40 creatures vanquished.

Notes
Turn   | Place    | Note
-------+----------+-------------------------------------------
     0 | D:1      | TyRobot the Troll Berserker began the quest for the Orb.
     0 | D:1      | Reached XP level 1. HP: 22/22 MP: 0/0
   104 | D:1      | Reached XP level 2. HP: 29/29 MP: 1/1
   356 | D:1      | Reached XP level 3. HP: 36/36 MP: 2/2
   485 | D:2      | Noticed Terence
   502 | D:2      | Killed Terence
   601 | D:2      | Reached ** piety under Trog
   605 | D:2      | Found a shimmering altar of Xom.
   605 | D:2      | Found a shimmering altar of Xom.
   627 | D:2      | Found a shimmering altar of Xom.
   627 | D:2      | Found a shimmering altar of Xom.
   628 | D:2      | Found a shimmering altar of Xom.
   628 | D:2      | Found a shimmering altar of Xom.
   629 | D:2      | Found a shimmering altar of Xom.
   637 | D:2      | Found a shimmering altar of Xom.
   653 | D:2      | Found an opulent altar of Gozag.
   657 | D:2      | Found Gozag's Platinum Reserve.
   720 | D:2      | Reached XP level 4. HP: 39/44 MP: 3/3
   832 | D:3      | Found a sacrificial altar of Ru.
   841 | D:3      | Reached skill level 4 in Unarmed Combat
   879 | D:3      | Fell from the grace of Trog
   879 | D:3      | Became a worshipper of Ru the Awakened
  1048 | D:3      | Found a hide-covered altar of Uskayaw.
  1157 | D:3      | Noticed a black bear
  1157 | D:3      | Noticed a polar bear
  1157 | D:3      | Noticed a black bear
  1157 | D:3      | Noticed a black bear
  1160 | D:3      | Slain by a black bear

Levels and vault maps discovered:
D:1:      wander_arrival_chamber, layout_rooms
D:2:      layout_basic, xom_redecorated, nicolae_gozag_zags_fifth_avenue,
          first_ration, minmay_misc_feat_chi, uniq_terence
D:3:      layout_loops_cross, nicolae_ru_great_annihilating_truth,
          nicolae_overflow_hidden_temple, gammafunk_temple_overflow_pools,
          minmay_randomly_rotated_circles, uniq_robin

Skill      XL: |  1  2  3  4 |
---------------+-------------+-----
Dodging        | 3 |  3.3
Unarmed Combat | 4 |  4.1
Fighting       | 3 |  3.0

Action                   |  1- 3 |  4- 6 || total
-------------------------+-------+-------++-------
Melee: Unarmed           |    85 |    32 ||   117
       Punch             |     1 |       ||     1
  Use: Scroll            |     1 |       ||     1
       Potion            |       |     1 ||     1
 Stab: Invisible         |       |     1 ||     1
       Paralysed         |       |     1 ||     1
  Eat: Chunk             |     4 |     1 ||     5
       Ration            |       |     1 ||     1
Armor: Animal skin       |    66 |    18 ||    84
Dodge: Dodged            |    70 |    24 ||    94
